AoeStats
← brightkidpoprop

Migration

508554507Analyzed
1v1 RM · 9d ago on Sep 23, 2026· 57m 23s· 2 players
Game mode
Random Map
Map size
132×132
Population
200
Speed
Normal
Resources
Standard
Victory
Conquest
Starting age
Dark Age
Ending age
Imperial Age
RankedLock teamsTeams togetherTeam positionsShared explorationLock speedFull tech treeHidden civsTurbo modeCheats
Victory
Defeat
🇦🇷 Spanish · Argentina
1058
+17
🇺🇸 Mongols · United States
1069
-17
El.Profesor
0:27 Loom
12:34 Feudal Age
13:48 Town Watch
16:42 Castle Age
14:33 Double-Bit Axe
14:33 Fishing Lines
17:45 Wheelbarrow
17:06 Gold Mining
17:07 Stone Mining
18:33 Medium Warships
19:48 Bow Saw
32:33 Imperial Age
34:17 Conscription
39:26 Chemistry
40:17 Forging
40:13 Scale Barding Armor
41:38 Light Cavalry
42:28 Bloodlines
42:19 Husbandry
43:20 Elite Cannon Galleon
43:37 Elite Conquistador
46:40 Hand Cart
47:03 Chain Barding Armor
54:15 Shipwright
54:09 Careening
54:12 Clinker Construction
brightkidpoprop
8:01 Loom
11:05 Feudal Age
11:50 Double-Bit Axe
15:34 Gold Mining
15:26 Horse Collar
18:09 Castle Age
17:10 Fishing Lines
18:49 Wheelbarrow
18:33 Fletching
18:48 Padded Archer Armor
19:20 Bow Saw
19:49 Gold Shaft Mining
20:07 Medium Warships
23:47 Hand Cart
23:35 Bodkin Arrow
24:24 Town Watch
25:41 Stone Mining
34:01 Imperial Age
33:24 Leather Archer Armor
36:34 Imperial Age
38:32 Conscription
39:52 Elite Mangudai
41:40 Heavy Warships
42:05 Onager
44:45 Bracer
45:50 Chemistry
45:11 Ballistics
Connection lost

Rejoining the realm…

Still unreachable

The connection could not be restored.

Session expired

The server has moved on; the page needs a fresh start.